 Dungeon Crawl Stone Soup version 0.24-a0-537-g2d01d4ab0a (webtiles) character file.

Game seed: 3369484655071615880

44 Mithandil the Skirmisher (level 3, 0/29 HPs)
             Began as a Demonspawn Abyssal Knight on Aug 15, 2019.
             Was a Follower of Lugonu.
             Slain by an orc
             ... wielding a +0 mace
              (4 damage)
             ... on level 3 of the Dungeon.
             The game lasted 00:06:45 (1082 turns).

Mithandil the Skirmisher (DsAK)                     Turns: 1082, Time: 00:06:45

Health: 0/29       AC:  3    Str: 11 (13) XL:     3   Next: 41%
Magic:  5/5        EV: 11    Int: 10 (13) God:    Lugonu [*.....]
Gold:   64         SH:  0    Dex:  9 (12) Spells: 2/2 levels left

rFire    . . .     SeeInvis .   a - +2 falchion
rCold    . . .     Gourm    .   (no shield)
rNeg     . . .     Faith    .   b - +0 leather armour
rPois    .         Spirit   .   (no helmet)
rElec    .         Reflect  .   (no cloak)
rCorr    .         Harm     .   (no gloves)
MR       .....                  (no boots)
Stlth    +.........             h - amulet of rage
HPRegen  0.09/turn              (no ring)
MPRegen  0.09/turn              (no ring)

@: no status effects
A: talons 1
a: Depart the Abyss, Renounce Religion, Evoke Berserk Rage


You were on level 3 of the Dungeon.
You worshipped Lugonu.
Lugonu was aware of your devotion.
You were hungry.

You visited 1 branch of the dungeon, and saw 3 of its levels.
You visited the Abyss 1 time.

You collected 64 gold pieces.

Inventory:

Hand Weapons
 a - a +2 falchion (weapon)
Missiles
 e - 25 bolts
 f - 23 sling bullets
 g - 35 arrows
Armour
 b - a +0 leather armour (worn)
 i - a +2 hat
Jewellery
 h - an amulet of rage (around neck)
Scrolls
 d - a scroll of noise {unknown}
Comestibles
 c - 2 rations


   Skills:
 + Level 3.1 Fighting
 * Level 2.4 Long Blades
 + Level 2.0 Armour
 + Level 1.2 Dodging
 + Level 0.6 Stealth
 + Level 0.5 Unarmed Combat
 + Level 2.9 Invocations


You had 2 spell levels left.
You didn't know any spells.
Your spell library was empty.

Dungeon Overview and Level Annotations

Branches:
Dungeon (3/15)

Altars:


Innate Abilities, Weirdness & Mutations

You have sharp toenails.


Message History

The orc shouts!
You hear a shout!
The orc moves out of view.
You see here a glowing hat.
i - a glowing hat A worker ant and an orc come into view.
The worker ant twitches its antennae in your direction.
The orc shouts!
An orc comes into view.
An orc comes into view. It is wielding a +0 club.
A kobold comes into view.
The orc hits you with a +0 mace.
* * * LOW HITPOINT WARNING * * *
You see here 16 stones.
The orc shouts!
The kobold shouts!
The orc hits you with a +0 mace.
* * * LOW HITPOINT WARNING * * *
The orc throws a boomerang.
The boomerang completely misses you.
The weapon returns to the orc!
The orc hits you with a +0 mace.
You die...

###########
#......[..###
###...........
............#
#.........# ..
####.........### ...
#.......@....... ...#
##.##...oa....... .
..K##. #....(.....##
.####oo..###.>..)..##.#
...o##.....#o......# #
...........o...........
....#..#.(.........#..#
... #........#....##
..### #...#...#..####


You could see a worker ant and 3 orcs.

Vanquished Creatures
  2 adders
  A worm (D:2)
  2 ball pythons (D:2)
  A giant cockroach (D:2)
  4 goblins
  2 hobgoblins (D:2)
  3 bats
  5 kobolds
  4 rats
24 creatures vanquished.

Notes
Turn   | Place    | Note
-------+----------+-------------------------------------------
     0 | Abyss:1  | Mithandil the Demonspawn Abyssal Knight began the quest for
                  | the Orb.
     0 | Abyss:1  | Reached XP level 1. HP: 18/18 MP: 2/2
   104 | Abyss:1  | Noticed a large abomination
   105 | D:1      | Escaped the Abyss
   255 | D:1      | Reached skill level 1 in Dodging
   255 | D:1      | Gained mutation: You have sharp toenails. [demonic
                  | ancestry]
   255 | D:1      | Reached XP level 2. HP: 4/24 MP: 4/4
   557 | D:2      | Reached * piety under Lugonu
   708 | D:2      | Reached XP level 3. HP: 28/29 MP: 5/5
  1082 | D:3      | Slain by an orc

Levels and vault maps discovered:
D:1:      enne_arrival_octagon_isle, layout_loops_ring, dk_noncrumbling_4
D:2:      layout_basic, first_ration, grunt_ministairs_14
D:3:      layout_rooms

Skill      XL: |  1  2 |
---------------+-------+-----
Long Blades    | 2 |  2.4
Dodging        | 1 |  1.2
Armour         | 2 |  2.0
Fighting       | |  3.1
Stealth        | |  0.6
Unarmed Combat | |  0.5
Invocations    | |  2.9

Action                   || total
-------------------------++-------
Melee: Falchion          ||    58
       Kick              ||     8
Invok: Depart the Abyss  ||     1
  Use: Scroll            ||     3
       Potion            ||     2
 Stab: Sleeping          ||     2
Armor: Leather armour    ||    15
Dodge: Dodged            ||    36
       Rpst.: Falchion   ||     9

Table legend:
 A = Non-vault XP
 B = Vault XP
 C = Vault XP percentage of total XP
 D = Non-vault monster count
 E = Vault monster count
 F = Vault count percentage of total count
                 A         B        C        D         E       F
            +---------+---------+-------+---------+---------+-------
      Total |      64 |       0 |   0.0 |      24 |       0 |   0.0
            +---------+---------+-------+---------+---------+-------
        D:1 |      20 |       0 |   0.0 |       6 |       0 |   0.0
        D:2 |      28 |       0 |   0.0 |      15 |       0 |   0.0
        D:3 |      16 |       0 |   0.0 |       3 |       0 |   0.0
            +---------+---------+-------+---------+---------+-------
